 Dungeon Crawl Stone Soup version 0.27.1-34-g3ba077fa99 (webtiles) character file.

Game seed: 14598489843154513508

1366 zeram the Cutter (level 8, -1/46 HPs)
             Began as an Octopode Enchanter on Jan 19, 2022.
             Was an Initiate of Gozag.
             Slain by a phantom (9 damage)
             ... on level 5 of the Dungeon.
             The game lasted 00:13:58 (8256 turns).

zeram the Cutter (Octopode Enchanter)               Turns: 8256, Time: 00:13:59

Health: -1/46      AC:  1    Str: 14    XL:     8   Next: 65%
Magic:  14/14      EV: 14    Int: 25    God:    Gozag
Gold:   459        SH: 10    Dex: 12    Spells: 8/15 levels left

rFire    . . .     SeeInvis +   a - +1 dagger
rCold    . . .     Faith    .   g - +0 buckler "Doizify" {Rampage Drain Str+6 Stlth+}
rNeg     . . .     Spirit   .   (helmet restricted)
rPois    .         Reflect  +   m - amulet of reflection
rElec    +         Harm     .   d - ring "Opaanerr" {Fly rElec Int+6 SInv}
rCorr    .         Rampage  +   (no ring)
Will     .....                  (no ring)
Stlth    ++++......             (no ring)
HPRegen  0.15/turn              (no ring)
MPRegen  0.14/turn              (no ring)
                                (no ring)
                                (no ring)

@: flying
A: almost no armour, amphibious, 8 rings, camouflage 1, gelatinous body 1,
(nimble swimmer 1), tentacles
a: Renounce Religion, Potion Petition, Call Merchant, Bribe Branch


You were on level 5 of the Dungeon.
You worshipped Gozag.
Gozag was aware of your devotion.
You visited 2 branches of the dungeon, and saw 7 of its levels.

You collected 541 gold pieces.
You paid 82 gold pieces to Gozag.

Inventory:

Hand Weapons
 a - a +1 dagger (weapon)
Missiles
 e - 31 poisoned darts (quivered)
Armour
 g - the +0 buckler "Doizify" (worn) {Rampage Drain Str+6 Stlth+}
   (You acquired it on level 2 of the Dungeon)

   Str:       It affects your strength (+6).
   Drain:     It drains your maximum health when unequipped.
   Rampage:   It bestows one free step when moving towards enemies.
   Stlth:     It makes you more stealthy.
Jewellery
 d - the ring "Opaanerr" (left tentacle) {Fly rElec Int+6 SInv}
   (You acquired it on level 3 of the Dungeon)

   [ring of intelligence]

   Int:       It affects your intelligence (+6).
   rElec:     It insulates you from electricity.
   SInv:      It lets you see invisible.
   Fly:       It grants you flight.
 m - an amulet of reflection (around mantle)
Wands
 l - a wand of polymorph (10)
Scrolls
 b - 2 scrolls of amnesia
Potions
 c - 3 potions of curing
 f - a potion of lignification {unknown}
 h - a potion of brilliance {unknown}
 i - a potion of berserk rage {unknown}


   Skills:
 + Level 6.1 Short Blades
 + Level 4.8 Dodging
 - Level 4.0 Stealth
 * Level 4.1 Shields
 + Level 4.0 Spellcasting
 + Level 4.8 Hexes


You had 8 spell levels left.
You knew the following spells:

 Your Spells              Type           Power      Damage    Failure   Level
a - Poisonous Vapours     Pois/Air       10%        N/A       14%         2
b - Ensorcelled Hibernat  Hex/Ice        34%        N/A       4%          2
c - Tukima's Dance        Hex            29%        N/A       3%          3

Your spell library contained the following spells:

 Spells                   Type           Power      Damage    Failure   Level
 Corona                   Hex            32%        N/A       1%          1
 Confusing Touch          Hex            29%        N/A       3%          3
 Sting                    Tmut/Pois      20%        1d4       9%          1
 Dazzling Flash           Conj/Hex       34%        N/A       10%         3
 Sublimation of Blood     Necr           2%         N/A       14%         2
 Wereblood                Tmut           5%         N/A       14%         2
 Olgreb's Toxic Radiance  Pois           5%         N/A       65%         4
 Passage of Golubria      Tloc           N/A        N/A       65%         4
 Yara's Violent Unravell  Hex/Tmut       8%         3d5       67%         5
 Summon Hydra             Summ           2%         N/A       100%        7


Dungeon Overview and Level Annotations

Branches:
Dungeon (6/15)             Temple (1/1) D:4

Altars:
Dithmenos
Gozag
Makhleb
Nemelex Xobeh
Okawaru
Ru
Trog
Uskayaw
Vehumet
Wu Jian
Yredelemnul
The Shining One


Innate Abilities, Weirdness & Mutations

You cannot wear most types of armour.
You are amphibious.
You can wear up to eight rings at the same time.
Your skin changes colour to match your surroundings (Stealth+).
Your rubbery body absorbs attacks. (AC +1, EV +1)
((You are camouflaged near water. (Stealth+)))
You have tentacles for arms and can constrict up to eight enemies at once.


Message History

You are too injured to fight recklessly!
You are too injured to fight recklessly!
You are too injured to fight recklessly!
You are too injured to fight recklessly!
You are too injured to fight recklessly!
You hit the phantom but do no damage.
The phantom is almost destroyed.
You hit the phantom.
The phantom is almost destroyed.
You block the phantom's attack.
You hit the phantom but do no damage.
The phantom is almost destroyed.
The phantom hits you.
* * * LOW HITPOINT WARNING * * *
You hit the phantom but do no damage.
The phantom is almost destroyed.
You hit the phantom.
The phantom is almost destroyed.
The phantom hits you.
* * * LOW HITPOINT WARNING * * *
The phantom blinks!
You blink.
You hit the phantom but do no damage.
The phantom is almost destroyed.
The phantom completely misses you.
You closely miss the phantom.
The phantom is almost destroyed.
You hit the phantom but do no damage. Your squeeze misses the phantom.
The phantom is almost destroyed.
The phantom closely misses you.
You hit the phantom but do no damage.
The phantom is almost destroyed.
The phantom misses you.
You hit the phantom. Your squeeze misses the phantom.
The phantom is almost destroyed.
The phantom hits you.
* * * LOW HITPOINT WARNING * * *
The phantom blinks!
You blink.
You feel better. The phantom hits you!
You die...
Your body crumbles into a pile of gold.

#.#.............#
#.#...##.###.#### #........#
#.# ########## #.# ###.#
##...## ##§....##
#######..§....##
#..........@...# #####
###.###.....W....# ##...##
#................#####.###.#
#.#.#####..............# #.#
####.#.#####......#######.###.#
........§....#...## ##...##
..##.##>#.######.# ##.##
..##.##.#.# ##'## #.#
..##.##.#.# ##...## #####.#####


You could see a phantom.

Vanquished Creatures
  A water moccasin (D:4)
  Duvessa (D:5)
  2 ogres
  A phantom (D:5)
  2 scorpions (D:4)
  Dowan (D:5)
  6 killer bees (D:6)
  7 hounds
  A jelly (D:5)
  An iguana (D:5)
  7 adders
  8 gnolls
  2 worms (D:2)
  2 orcs (D:3)
  4 bats
  6 endoplasms
  A giant cockroach (D:4)
  12 goblins
  10 hobgoblins
  7 quokkas
  7 ball pythons
  2 frilled lizards
  A jackal zombie (D:3)
  9 kobolds
  7 rats
108 creatures vanquished.

Notes
Turn   | Place    | Note
-------+----------+-------------------------------------------
     0 | D:1      | zeram the Octopode Enchanter began the quest for the Orb.
     0 | D:1      | Reached XP level 1. HP: 11/11 MP: 3/3
   683 | D:1      | Reached XP level 2. HP: 17/17 MP: 5/5
  1635 | D:2      | Reached XP level 3. HP: 4/21 MP: 6/6
  2244 | D:2      | Learned a level 2 spell: Ensorcelled Hibernation
  2248 | D:2      | Learned a level 3 spell: Tukima's Dance
  2736 | D:2      | Found a faded altar of an unknown god.
  2782 | D:2      | Reached XP level 4. HP: 27/27 MP: 7/7
  2782 | D:2      | Identified 2 scrolls of acquirement
  2782 | D:2      | Acquired the +0 buckler "Doizify" {Rampage Drain Str+6
                  | Stlth+}
  3626 | D:2      | Reached skill level 2 in Short Blades
  3901 | D:3      | Reached skill level 1 in Shields
  4021 | D:3      | Acquired the ring "Opaanerr" {Fly rElec Int+6 SInv}
  4163 | D:3      | Found a bloodstained altar of Trog.
  4187 | D:3      | Reached XP level 5. HP: 21/31 MP: 8/8
  4999 | D:3      | Noticed an ogre
  5006 | D:3      | Killed an ogre
  5007 | D:3      | Reached skill level 3 in Short Blades
  5007 | D:3      | Reached XP level 6. HP: 36/36 MP: 8/10
  5028 | D:3      | Learned a level 2 spell: Poisonous Vapours
  5542 | D:4      | Found a staircase to the Ecumenical Temple.
  5679 | Temple   | Entered the Ecumenical Temple
  5741 | Temple   | Became a worshipper of Gozag Ym Sagoz the Greedy
  5786 | D:4      | Found a shadowy altar of Dithmenos.
  5919 | D:4      | Noticed a water moccasin
  5923 | D:4      | Killed a water moccasin
  5924 | D:4      | Reached skill level 4 in Short Blades
  5924 | D:4      | Reached XP level 7. HP: 41/41 MP: 11/11
  6356 | D:5      | Entered Level 5 of the Dungeon
  6557 | D:5      | Reached skill level 5 in Short Blades
  6908 | D:5      | Reached XP level 8. HP: 29/46 MP: 11/13
  7102 | D:5      | Noticed Duvessa
  7103 | D:5      | Noticed Dowan
  7592 | D:5      | Killed Duvessa
  7598 | D:5      | Killed Dowan
  8026 | D:6      | Reached skill level 6 in Short Blades
  8255 | D:5      | HP: 2/46 [phantom (6)]
  8256 | D:5      | Slain by a phantom

Illustrated notes

Levels and vault maps discovered:
D:1:      amcnicky_arrival_choice, layout_basic, roderic_roman_lattice,
          hangedman_decor_diamond_cutter, grunt_decor_arrowhead,
          minmay_misc_feat_columns, minivault_14
D:2:      minmay_evil_eye, layout_loops_corners, ebering_ecumenical_altar_webs,
          dk_noncrumbling_3, chequers_hall_statues_wall_a,
          kennysheep_generic_room_12
D:3:      minmay_recursive_quarters, layout_loops_ring,
          mainiacjoe_overflow_brackets, minmay_joined_circles
D:4:      cheibrodos_greedy_goblins, layout_loops_ring,
          grunt_dithmenos_smoke_and_mirrors, minmay_temple_entry_junction,
          hangedman_decor_clover_reticule
D:5:      layout_loops_corners, serial_bayou_pond_c, uniq_duvessa
D:6:      layout_basic, zin_statuary, skrybe_limestone_x,
          lightli_church_of_beogh
Temple:   zaba_magenta_temple

Skill      XL: |  1  2  3  4  5  6  7  8 |
---------------+-------------------------+-----
Short Blades   | 2 3 4 5 6 |  6.1
Hexes          | 4 |  4.8
Shields        | 1 2 3 4 |  4.1
Dodging        | 3 4 |  4.8
Spellcasting   | 3 4 |  4.0
Stealth        | |  4.0

Action                   |  1- 3 |  4- 6 |  7- 9 || total
-------------------------+-------+-------+-------++-------
Melee: Dagger            |    68 |    93 |   117 ||   278
       Tentacles         |    10 |    10 |    17 ||    37
       Constrict         |    13 |    13 |    13 ||    39
Throw: Dart              |       |    18 |       ||    18
 Cast: Ensorcelled Hiber |     1 |     6 |    18 ||    25
  Use: Scroll            |     2 |     5 |     4 ||    11
       Potion            |     1 |     2 |     2 ||     5
 Stab: Sleeping          |    12 |    22 |    19 ||    53
       Invisible         |       |       |     2 ||     2
Armor: Skin              |     3 |     6 |     3 ||    12
Dodge: Dodged            |    44 |    60 |    33 ||   137
Block: Buckler           |       |    12 |    43 ||    55
       Reflection        |       |       |     1 ||     1
